 Dungeon Sprint DCSS version 0.30.1-9-gdf580d7c3d (webtiles) character file.

Game seed: 7344946639889751916

311 Heoruswealwe the Skirmisher (level 6, 0/53 HPs)
             Began as a Gnoll Hunter on Sept 26, 2023.
             Was an Initiate of Gozag.
             Slain by a shadow (32 damage)
             ... in the Dungeon (Sprint IX: "|||||||||||||||||||||||||||||").
             The game lasted 00:05:44 (171 turns).

Heoruswealwe the Skirmisher (Gnoll Hunter)           Turns: 171, Time: 00:05:44

Health: 0/53       AC:  6    Str: 13    XL:     6   Next: 42%
Magic:  9/13       EV: 16    Int: 10    God:    Gozag
Gold:   0          SH:  0    Dex: 21    Spells: 14/14 levels left

rFire   . . .        b - +2 scimitar "Ciapaz" {heavy, rPois Int+2}
rCold   . . .        (no shield)
rNeg    . . .        c - +0 leather armour
rPois   +            (no helmet)
rElec   .            (no cloak)
rCorr   .            f - +0 pair of gloves
SInv    .            e - +0 pair of boots
Will    .....        (no amulet)
Stlth   +++          k - +3 ring of dexterity
HPRegen 0.28/turn    j - +3 ring of strength
MPRegen 0.13/turn

%: no teleportation
@: gold aura
A: fangs 1, strong nose, distributed training
a: Renounce Religion, Potion Petition, Call Merchant, Bribe Branch


You were in the Dungeon.
You worshipped Gozag.
Gozag was noncommittal.
You visited 1 branch

Inventory:

Hand Weapons
 a - a +0 shortbow
 b - the +2 scimitar "Ciapaz" (weapon) {heavy, rPois Int+2}
   (You found it in the Dungeon)

   Int:       It affects your intelligence (+2).
   rPois:     It protects you from poison.
Armour
 c - a +0 leather armour (worn)
 e - a +0 pair of boots (worn)
 f - a +0 pair of gloves (worn)
Jewellery
 j - a +3 ring of strength (right hand)
 k - a +3 ring of dexterity (left hand)
Wands
 l - a wand of light (10)
Scrolls
 i - 2 scrolls of blinking
 m - a scroll of immolation
 p - 2 scrolls of amnesia
Potions
 d - 5 potions of curing
 g - 4 potions of magic
 h - a potion of berserk rage
 n - a potion of haste
 o - a potion of invisibility
 q - a potion of heal wounds


   Skills:
 + Level 6.6 Fighting
 + Level 4.7 Short Blades
 + Level 4.7 Long Blades
 + Level 4.7 Axes
 + Level 4.7 Maces & Flails
 + Level 4.7 Polearms
 + Level 4.7 Staves
 + Level 9.8 Ranged Weapons
 + Level 4.7 Throwing
 + Level 4.7 Armour
 + Level 6.6 Dodging
 + Level 5.3 Stealth
 + Level 4.7 Shields
 + Level 4.7 Unarmed Combat
 + Level 4.7 Spellcasting
 + Level 3.9 Conjurations
 + Level 3.9 Hexes
 + Level 3.9 Summonings
 + Level 3.9 Necromancy
 + Level 3.9 Translocations
 + Level 3.9 Transmutations
 + Level 3.9 Fire Magic
 + Level 3.9 Ice Magic
 + Level 3.9 Air Magic
 + Level 3.9 Earth Magic
 + Level 3.9 Poison Magic
 + Level 5.1 Invocations
 + Level 4.7 Evocations


You had 14 spell levels left.
You didn't know any spells.
Your spell library was empty.

Dungeon Overview and Level Annotations

Branches:
Dungeon (1/1)

Altars:
Cheibriados
Dithmenos
Elyvilon
Fedhas
Gozag
Hepliaklqana
Kikubaaqudgha
Makhleb
Nemelex Xobeh
Okawaru
Qazlal
Ru
Sif Muna
Trog
Uskayaw
Vehumet
Wu Jian
Xom
Yredelemnul
Zin
The Shining One
Jiyva
Lugonu


Innate Abilities, Weirdness & Mutations

You have very sharp teeth.
Your uncanny sense of smell can sniff out nearby items.
Your experience applies equally to all skills.


Message History

Your Stealth skill gained 2 levels and is now at level 5!
Your Shields skill gained 2 levels and is now at level 4!
Your Unarmed Combat skill gained 2 levels and is now at level 4!
Your Spellcasting skill gained 2 levels and is now at level 4!
Your Conjurations skill increases to level 3!
Your Hexes skill increases to level 3!
Your Summonings skill increases to level 3!
Your Necromancy skill increases to level 3!
Your Translocations skill increases to level 3!
Your Transmutations skill increases to level 3!
Your Fire Magic skill increases to level 3!
Your Ice Magic skill increases to level 3!
Your Air Magic skill increases to level 3!
Your Earth Magic skill increases to level 3!
Your Poison Magic skill increases to level 3!
Your Invocations skill gained 2 levels and is now at level 5!
Your Evocations skill gained 2 levels and is now at level 4!
You have reached level 5!
You have reached level 6!
You hit the komodo dragon but do no damage.
You bite the komodo dragon, but do no damage.
The komodo dragon barely misses you. The komodo dragon misses you.
You slice the komodo dragon!!
You bite the komodo dragon, but do no damage.
The komodo dragon is severely wounded.
The shadow slips into darkness.
The shadow flickers and vanishes!
Deactivating autopickup; reactivate with Ctrl-A.
The komodo dragon bites you!!
* * * LOW HITPOINT WARNING * * *
The orc wizard mumbles some strange words.
The orc wizard flickers and vanishes!
The komodo dragon bites you.
* * * LOW HITPOINT WARNING * * *
You feel much better. The komodo dragon barely misses you.
You slice the komodo dragon!!
You kill the komodo dragon!
The shadow strikes at you from the darkness!
Ouch! That really hurt!
You die...
Your body crumbles into a pile of gold. $$$$$ $ $ $ $$$$$ $$$$$$

∆ $ ∆∆∆∆
▓▓▓▓▓▓▓▓▓▓▓▓▓▓▓▓▓▓▓▓▓▓▓▓
..y{O.$@.[...)..'_______
▓▓▓▓▓▓▓▓▓▓▓▓▓▓▓▓▓▓▓▓▓▓▓▓


You could see a two-headed ogre and a killer bee.

Vanquished Creatures
  A kobold demonologist (D)
  A komodo dragon (D)
  A jelly (D)
  A sleepcap (D)
  2 shadow imps (D)
  A dart slug (D)
  A quokka (D)
  2 frilled lizards (D)
  2 kobolds (D)
12 creatures vanquished.

Notes
Turn   | Place    | Note
-------+----------+-------------------------------------------
     0 | D        | Heoruswealwe the Gnoll Hunter began the quest for the Orb.
     0 | D        | Reached XP level 1. HP: 20/20 MP: 1/1
     9 | D        | Reached skill level 1 in Invocations
    27 | D        | Noticed a jelly
    27 | D        | Noticed a sleepcap
    30 | D        | Reached skill level 1 in Short Blades
    30 | D        | Reached skill level 1 in Long Blades
    30 | D        | Reached skill level 1 in Axes
    30 | D        | Reached skill level 1 in Maces & Flails
    30 | D        | Reached skill level 1 in Polearms
    30 | D        | Reached skill level 1 in Staves
    30 | D        | Reached skill level 1 in Throwing
    30 | D        | Reached skill level 1 in Armour
    30 | D        | Reached skill level 1 in Shields
    30 | D        | Reached skill level 1 in Unarmed Combat
    30 | D        | Reached skill level 1 in Spellcasting
    30 | D        | Reached skill level 1 in Evocations
    30 | D        | Reached XP level 2. HP: 23/26 MP: 3/3
    33 | D        | Reached skill level 5 in Fighting
    33 | D        | Reached skill level 5 in Dodging
    33 | D        | Reached skill level 1 in Conjurations
    33 | D        | Reached skill level 1 in Hexes
    33 | D        | Reached skill level 1 in Summonings
    33 | D        | Reached skill level 1 in Necromancy
    33 | D        | Reached skill level 1 in Translocations
    33 | D        | Reached skill level 1 in Transmutations
    33 | D        | Reached skill level 1 in Fire Magic
    33 | D        | Reached skill level 1 in Ice Magic
    33 | D        | Reached skill level 1 in Air Magic
    33 | D        | Reached skill level 1 in Earth Magic
    33 | D        | Reached skill level 1 in Poison Magic
    33 | D        | Reached XP level 3. HP: 24/33 MP: 3/6
    37 | D        | Reached XP level 4. HP: 20/39 MP: 3/7
    41 | D        | Reached skill level 9 in Ranged Weapons
    46 | D        | HP: 1/39 [shadow imp (3)]
    55 | D        | Found a snail-covered altar of Cheibriados.
    55 | D        | Found a shadowy altar of Dithmenos.
    55 | D        | Found a white marble altar of Elyvilon.
    55 | D        | Found a blossoming altar of Fedhas.
    55 | D        | Found an opulent altar of Gozag.
    56 | D        | Found a hazy altar of Hepliaklqana.
    57 | D        | Found a viscous altar of Jiyva.
    58 | D        | Found an ancient bone altar of Kikubaaqudgha.
    59 | D        | Found a corrupted altar of Lugonu.
    60 | D        | Found a burning altar of Makhleb.
    61 | D        | Found a sparkling altar of Nemelex Xobeh.
    62 | D        | Found an iron altar of Okawaru.
    63 | D        | Became a worshipper of Gozag Ym Sagoz the Greedy
    64 | D        | Found a stormy altar of Qazlal.
    65 | D        | Found a sacrificial altar of Ru.
    66 | D        | Found a shimmering blue altar of Sif Muna.
    67 | D        | Found a bloodstained altar of Trog.
    68 | D        | Found a hide-covered altar of Uskayaw.
    69 | D        | Found a radiant altar of Vehumet.
    70 | D        | Found an ornate altar of the Wu Jian Council.
    71 | D        | Found a shimmering altar of Xom.
    72 | D        | Found a basalt altar of Yredelemnul.
    73 | D        | Found a glowing silver altar of Zin.
    74 | D        | Found a glowing golden altar of the Shining One.
    90 | D        | Got the +2 scimitar "Ciapaz" {heavy, rPois Int+2}
   165 | D        | Noticed a two-headed ogre
   165 | D        | Noticed a shadow
   165 | D        | Noticed a komodo dragon
   165 | D        | Noticed a kobold demonologist
   167 | D        | Killed a kobold demonologist
   168 | D        | Reached skill level 5 in Stealth
   168 | D        | Reached skill level 5 in Invocations
   168 | D        | Reached XP level 5. HP: 24/47 MP: 9/12
   168 | D        | Reached XP level 6. HP: 27/53 MP: 9/13
   171 | D        | Killed a komodo dragon
   171 | D        | Slain by a shadow

Illustrated notes

Levels and vault maps discovered:
D:        linesprint [early_d, line_temple, items_1, d_10, items_2, lair_1,
          lair_end, items_3, orc_1, orc_end, items_4, d_15, swamp_1, shoals_1,
          snake_1, spider_1, d_20, vaults_1, items_5, swamp_end, shoals_end,
          snake_end, spider_end, vaults_end, d_27, items_6, zot_1, zot_end,
          crypt_end, forest_end, elf_end, slime_end, tomb_end, abyss_end,
          pan_hell_end]

Skill      XL: |  1  2  3  4 |
---------------+-------------+-----
Invocations    | 1 2 5 |  5.1
Short Blades   | 1 2 4 |  4.7
Long Blades    | 1 2 4 |  4.7
Axes           | 1 2 4 |  4.7
Maces & Flails | 1 2 4 |  4.7
Polearms       | 1 2 4 |  4.7
Staves         | 1 2 4 |  4.7
Throwing       | 1 2 4 |  4.7
Armour         | 1 2 4 |  4.7
Shields        | 1 2 4 |  4.7
Unarmed Combat | 1 2 4 |  4.7
Spellcasting   | 1 2 4 |  4.7
Evocations     | 1 2 4 |  4.7
Fighting       | 5 6 |  6.6
Dodging        | 5 6 |  6.6
Stealth        | 3 5 |  5.3
Conjurations   | 1 2 3 |  3.9
Hexes          | 1 2 3 |  3.9
Summonings     | 1 2 3 |  3.9
Necromancy     | 1 2 3 |  3.9
Translocations | 1 2 3 |  3.9
Transmutations | 1 2 3 |  3.9
Fire Magic     | 1 2 3 |  3.9
Ice Magic      | 1 2 3 |  3.9
Air Magic      | 1 2 3 |  3.9
Earth Magic    | 1 2 3 |  3.9
Poison Magic   | 1 2 3 |  3.9
Ranged Weapons | 9 |  9.8

Action                     |  1- 3 |  4- 6 || total
---------------------------+-------+-------++-------
  Melee: Scimitar          |       |     5 ||     5
         Bite              |       |     3 ||     3
   Fire: Shortbow          |    17 |    11 ||    28
    Use: Potion            |       |     2 ||     2
 Armour: Leather armour    |     2 |     1 ||     3
  Dodge: Dodged            |     3 |     9 ||    12
